Map: Snowbound Colony

Players

Throwfordays

  • Race: Protoss Protoss
  • League: Silver
  • Spawn Location: 12:00

Cthulhu

  • Race: Protoss Protoss
  • Spawn Location: 1:00

Faust

  • Race: Zerg Zerg
  • League: Diamond
  • Spawn Location: 1:00

Saulo

  • Race: Zerg Zerg
  • Spawn Location: 7:00

llkiraxDll

  • Race: Protoss Protoss
  • League: Silver
  • Spawn Location: 6:00

BLACKfu

  • Race: Terran Terran
  • League: Gold
  • Spawn Location: 7:00

VOD

Have the link to the VOD?

Description

Time

  • Played on: April 11, 2019, 11:25 p.m.
  • Length: 26:08
Show
View Real Time Build Order
Export as new Build Order

Throwfordays Protoss 

Build Orders:  

Get SALT Encoding   

  12  0:01  Probe  
  13  0:14  Pylon  
  13  0:18  Probe  
  14  0:30  Probe  
  15  0:39  Gateway  
  15  0:43  Probe  
  16  0:51  Probe  
  17  0:58  Assimilator  
  17  1:00  Probe  
  18  1:12  Probe  
  19  1:24  Probe  
  20  1:29  Cybernetics Core  
  20  1:36  Probe  
  21  2:06  Nexus  
  21  2:14  Assimilator, Robotics Facility  
  21  2:16  Adept  
  21  2:19  Pylon  
  23  2:23  Warp Gate  
  23  2:31  Pylon  
  23  2:44  Probe  
  23  3:01  Adept  
  25  3:06  Probe  
  25  3:12  Immortal  
  26  3:26  Probe  
  30  3:29  Gateway  
  30  3:31  Probe  
  30  3:33  Gateway  
  30  3:38  Probe  
  30  3:39  Probe  
  33  3:49  Probe  
  34  4:05  Probe, Immortal  
  34  4:07  Probe  
  40  4:18  Probe  
  40  4:20  Probe  
  42  4:30  Probe  
  43  4:32  Assimilator, Probe  
  43  4:37  Assimilator  
  44  4:38  Pylon  
  44  4:42  Probe  
  44  4:43  Robotics Bay  
  44  4:44  Probe  
  46  5:00  Adept  
  46  5:01  Adept  
  46  5:02  Adept  
  52  5:11  Probe  
  52  5:13  Probe  
  54  5:19  Probe  
  54  5:22  Twilight Council  
  54  5:25  Probe  
  54  5:28  Probe  
  56  5:33  Immortal  
  61  5:37  Probe  
  62  5:49  Pylon  
  62  5:50  Extended Thermal Lance  
  62  6:07  Probe x2  
  64  6:18  Pylon  
  64  6:19  Probe x2  
  66  6:31  Probe  
  67  6:37  Nexus  
  67  7:08  Assimilator  
  67  7:13  Assimilator  
  67  7:14  Stalker x2  
  67  7:15  Stalker  
  73  7:16  Pylon  
  73  7:18  Pylon  
  73  7:23  Resonating Glaives  
  73  7:33  Colossus  
  79  7:42  Gateway  
  79  7:43  Gateway  
  79  7:45  Gateway  
  79  7:48  Forge  
  79  7:51  Forge  
  79  7:56  Probe  
  80  7:59  Probe  
  75  8:06  Stalker  
  75  8:07  Stalker x2  
  75  8:08  Probe  
  75  8:11  Probe  
  83  8:12  Protoss Ground Weapons Level 1  
  83  8:13  Protoss Ground Armor Level 1  
  83  8:21  Probe  
  83  8:23  Probe  
  85  8:31  Colossus  
  85  8:33  Probe  
  92  8:35  Probe  
  93  8:44  Probe  
  93  8:45  Probe  
  93  8:47  Probe  
  96  8:56  Probe  
  96  8:57  Probe  
  96  8:58  Stalker x3  
  96  8:59  Stalker x2  
  96  9:00  Probe  
  109  9:12  Pylon  
  109  9:13  Pylon  
  109  9:16  Pylon  
  109  9:17  Pylon, Probe  
  109  9:18  Probe  
  109  9:20  Pylon  
  109  9:21  Pylon  
  109  9:23  Pylon  
  106  9:25  Pylon  
  106  9:28  Stalker x4  
  106  9:29  Stalker, Probe  
  108  9:31  Pylon  
  108  9:33  Pylon  
  101  10:06  Stargate  
  101  10:07  Stargate  
  101  10:11  Stargate  
  101  10:12  Stalker x6  
  82  10:42  Stalker  
  82  10:43  Stalker x5  
  94  11:11  Fleet Beacon  
  94  11:13  Protoss Ground Weapons Level 2, Protoss Shields Level 1, Cybernetics Core  
  94  11:31  Protoss Air Weapons Level 1  
  94  11:32  Nexus  
  94  11:55  Anion Pulse-Crystals  
  94  12:00  Probe  
  94  12:04  Probe  
  96  12:08  Protoss Air Armor Level 1, Probe  
  96  12:12  Probe  
  97  12:18  Phoenix, Probe  
  97  12:22  Phoenix, Probe  
  103  12:28  Phoenix  
  106  12:30  Probe  
  106  12:34  Probe  
  108  12:42  Probe  
  109  12:46  Probe  
  106  13:03  Phoenix x3  
  99  13:33  Phoenix  
  99  13:34  Phoenix x2  
  94  14:04  Phoenix  
  94  14:05  Phoenix x2  
  60  15:00  Probe  
  60  15:01  Probe  
  62  15:08  Probe  
  62  15:10  Probe  
  64  15:16  Probe  
  64  15:19  Probe  
  66  15:28  Probe  
  66  15:31  Probe  
  68  15:41  Probe  
  69  15:44  Probe  
  70  15:53  Probe  
  70  15:56  Probe  
  72  16:29  Probe  
  72  16:35  Probe  
  72  16:37  Probe  
  74  16:40  Protoss Shields Level 2  
  75  16:47  Probe x2  
  77  16:55  Protoss Air Weapons Level 2, Protoss Air Armor Level 2  
  77  16:59  Probe  
  46  18:39  Probe  
  46  18:41  Probe  
  48  18:51  Probe  
  48  18:53  Probe  
  50  19:05  Probe  
  51  19:13  Probe  
  52  19:17  Probe  
  53  19:25  Probe  
  53  19:29  Probe  
  55  19:37  Probe  
  56  19:49  Stalker x2, Probe  
  56  19:50  Stalker  
  63  19:53  Protoss Ground Weapons Level 3  
  63  19:56  Nexus  
  63  20:01  Immortal  
  67  20:33  Pylon  
  44  22:36  Adept  
  44  22:37  Adept x2  
  48  23:31  Stalker  
  48  23:32  Stalker x2  
  54  24:55  Nexus  
Show
View Real Time Build Order
Export as new Build Order

Cthulhu Protoss 

Build Orders: 1 Gate Expand 

Get SALT Encoding   

  12  0:01  Probe  
  13  0:13  Probe  
  14  0:22  Pylon  
  14  0:25  Probe  
  15  0:40  Probe  
  16  0:43  Gateway  
  16  1:12  Nexus  
  16  1:13  Probe  
  17  1:28  Assimilator  
  17  1:32  Cybernetics Core, Probe  
  18  1:40  Probe  
  19  1:50  Pylon, Probe  
  20  1:59  Zealot  
  22  2:14  Assimilator, Probe  
  23  2:21  Probe  
  23  2:26  Probe  
  23  2:29  Probe  
  26  2:38  Probe  
  27  2:56  Forge  
  27  2:59  Pylon  
  27  3:06  Probe  
  27  3:07  Probe  
  27  3:11  Gateway  
  29  3:18  Pylon  
  29  3:21  Probe  
  30  3:27  Pylon  
  30  3:33  Probe  
  31  3:40  Photon Cannon  
  31  3:42  Photon Cannon  
  29  4:03  Photon Cannon  
  29  4:05  Photon Cannon  
  29  4:21  Photon Cannon  
  29  4:29  Shield Battery  
  29  4:30  Pylon  
  29  4:32  Photon Cannon  
  29  4:37  Shield Battery  
  29  4:43  Shield Battery  
  29  4:44  Photon Cannon x2  
  29  4:53  Probe x2  
  29  4:56  Pylon  
  29  4:57  Assimilator  
  31  5:03  Nexus  
  31  5:04  Probe  
  31  5:06  Probe  
  33  5:21  Probe  
  33  5:24  Probe  
  35  5:32  Twilight Council  
  35  5:34  Pylon  
  35  5:38  Probe x2  
  37  5:54  Probe x2  
  34  6:25  Probe  
  33  6:32  Nexus  
  33  6:42  Nexus  
  32  7:12  Pylon  
  32  7:15  Pylon  
  32  7:21  Photon Cannon  
  32  7:22  Photon Cannon  
  32  7:24  Probe x2  
  33  7:36  Probe  
  34  7:42  Shield Battery  
  34  7:46  Probe  
  34  7:48  Probe  
  36  7:54  Probe  
  37  8:00  Probe  
  37  8:03  Protoss Shields Level 1  
  38  8:06  Charge  
  38  8:07  Warp Gate  
  38  8:13  Templar Archives  
  38  8:17  Pylon  
  38  8:18  Assimilator  
  38  8:21  Assimilator  
  38  8:23  Dark Shrine  
  38  8:30  Probe x2  
  38  8:31  Probe  
  41  8:41  Probe  
  42  8:42  Probe  
  39  9:09  Assimilator  
  39  9:10  Assimilator  
  39  9:13  Probe x3  
  35  9:25  Probe x2  
  35  9:37  Probe  
  29  9:47  Probe x2  
  29  9:49  Probe  
  32  9:59  Probe  
  33  10:05  Dark Templar x2  
  37  10:18  Gateway  
  37  10:20  Gateway  
  37  10:21  Gateway  
  37  10:24  Gateway  
  37  10:25  Gateway  
  37  10:35  High Templar  
  37  10:36  High Templar  
  41  10:47  Probe x3  
  42  10:59  Probe  
  43  11:17  Psionic Storm  
  41  11:28  Pylon, Shadow Stride  
  41  11:32  High Templar x5  
  49  11:33  High Templar x2  
  49  11:37  Blink  
  29  13:02  Probe  
  30  13:14  Probe  
  30  13:16  Nexus  
  27  14:01  Probe  
  28  14:04  High Templar  
  28  14:05  High Templar x5  
  28  14:06  High Templar  
  42  14:14  Probe  
  43  14:26  Probe  
  44  15:06  Probe  
  44  15:08  Probe  
  44  15:12  Protoss Shields Level 2  
  46  15:14  Probe  
  46  15:16  Probe  
  48  15:28  High Templar x3  
  54  15:41  Robotics Facility  
  54  15:43  Pylon  
  54  15:45  Probe  
  54  15:46  Probe  
  56  15:52  Assimilator  
  56  15:53  Assimilator  
  56  15:57  Probe  
  56  15:58  Probe  
  58  16:40  Zealot x2  
  58  16:41  Zealot x4  
  70  16:53  Zealot  
  61  17:03  Archon  
  61  17:19  Zealot  
  61  17:20  Zealot x6  
  75  18:52  Zealot x4  
  50  19:17  Archon  
  50  19:35  Nexus  
  50  19:39  High Templar  
  50  19:40  High Templar x6  
  64  19:45  Archon  
  64  19:46  Archon x3  
  64  19:47  Archon x3  
  64  19:48  Archon  
  64  20:08  Assimilator  
  64  20:13  Pylon  
  46  21:04  Zealot x6  
  50  21:07  Observer, Stalker  
  35  21:51  Probe  
  2  23:05  High Templar x3  
Show
View Real Time Build Order
Export as new Build Order

Faust Zerg 

Build Orders: Hatch First 

Get SALT Encoding   

  12  0:01  Drone  
  13  0:09  Drone  
  14  0:16  Extractor  
  14  0:17  Drone  
  15  0:23  Overlord  
  15  0:42  Drone x2  
  17  0:57  Hatchery  
  17  0:59  Drone  
  17  1:01  Extractor  
  16  1:04  Drone  
  17  1:20  Spawning Pool  
  17  1:21  Drone  
  17  1:25  Drone  
  18  1:42  Drone  
  18  1:43  Overlord  
  19  2:06  Metabolic Boost  
  19  2:07  Queen  
  21  2:09  Queen  
  21  2:12  Drone  
  21  2:13  Drone  
  25  2:17  Drone  
  25  2:20  Drone  
  27  2:27  Overlord  
  27  2:33  Drone  
  28  2:38  Zergling x2  
  28  2:40  Drone  
  30  2:56  Hatchery  
  29  3:02  Drone x2  
  31  3:07  Drone x2  
  33  3:15  Drone x3  
  36  3:22  Extractor  
  36  3:24  Lair  
  35  3:31  Pneumatized Carapace  
  36  3:34  Zergling x4  
  37  3:42  Overlord x2  
  36  4:07  Drone x2  
  36  4:08  Drone  
  36  4:09  Queen  
  39  4:10  Drone  
  39  4:11  Drone x7  
  49  4:18  Drone, Baneling Nest  
  49  4:19  Drone  
  49  4:20  Drone  
  51  4:30  Drone x2  
  51  4:31  Drone x3  
  56  4:37  Overlord  
  56  4:42  Spire  
  56  4:45  Spore Crawler  
  54  4:48  Spore Crawler  
  54  4:51  Drone x2  
  54  4:52  Drone  
  56  4:55  Drone x2  
  56  4:58  Extractor, Drone  
  58  5:00  Extractor, Drone  
  58  5:05  Drone x2  
  58  5:06  Drone  
  58  5:07  Drone x2  
  63  5:09  Drone  
  63  5:12  Overlord  
  64  5:16  Drone  
  64  5:19  Overlord x2  
  65  5:23  Extractor  
  65  5:25  Extractor  
  63  5:32  Drone  
  63  5:33  Drone x3  
  63  5:34  Drone x3  
  70  5:41  Overlord x2  
  70  5:50  Spore Crawler  
  70  5:56  Hatchery  
  68  6:02  Mutalisk x7  
  82  6:07  Mutalisk  
  84  6:13  Mutalisk x8  
  84  6:14  Mutalisk x2  
  84  6:18  Zerg Flyer Weapons Level 1  
  104  6:22  Evolution Chamber  
  104  6:24  Evolution Chamber  
  102  6:27  Drone x2  
  102  6:30  Infestation Pit  
  103  7:02  Zergling x6  
  103  7:05  Overlord x3  
  103  7:06  Overlord  
  106  7:09  Queen  
  107  7:30  Mutalisk  
  107  7:31  Mutalisk x8  
  125  7:39  Hive  
  125  7:40  Zerg Melee Weapons Level 1  
  125  7:43  Zerg Ground Armor Level 1  
  125  7:46  Drone x3  
  125  7:48  Drone  
  125  7:49  Drone x5  
  134  8:01  Baneling x6  
  134  8:02  Baneling x2  
  127  8:31  Mutalisk  
  127  8:32  Mutalisk x3  
  133  8:44  Mutalisk  
  133  8:45  Overlord x4  
  133  8:46  Overlord  
  128  9:00  Mutalisk  
  128  9:01  Mutalisk x5  
  115  9:22  Mutalisk x3  
  105  9:47  Spore Crawler  
  105  9:49  Spore Crawler x3  
  105  9:50  Spore Crawler, Mutalisk x4  
  105  9:51  Mutalisk  
  97  10:18  Infestor  
  97  10:19  Infestor  
  74  10:48  Zerg Flyer Weapons Level 2  
  74  10:50  Zerg Melee Weapons Level 2, Zerg Ground Armor Level 2  
  74  10:59  Hatchery  
  74  11:00  Drone x5  
  78  11:08  Hatchery  
  77  11:12  Extractor  
  76  11:27  Extractor, Burrow  
  76  11:31  Infestor x2  
  79  11:42  Drone x2  
  79  11:43  Drone  
  79  11:45  Drone  
  79  11:46  Drone x5  
  88  11:57  Drone x6  
  88  11:58  Drone x6  
  100  12:35  Infestor x2  
  100  12:54  Infestor x2  
  100  12:59  Mutalisk x2  
  100  13:00  Mutalisk x12  
  122  13:23  Mutalisk  
  122  13:24  Mutalisk x4  
  84  13:50  Mutalisk x4  
  64  14:04  Mutalisk  
  64  14:05  Mutalisk x2  
  62  14:25  Zergling x2  
  62  14:26  Zergling x22  
  74  14:35  Greater Spire  
  74  14:37  Drone  
  74  14:38  Drone x2  
  67  14:56  Zergling x14  
  70  15:15  Hatchery  
  70  15:20  Zerg Ground Armor Level 3  
  70  15:21  Hatchery, Zerg Melee Weapons Level 3  
  69  15:22  Adrenal Glands  
  69  15:24  Extractor  
  67  15:29  Spore Crawler  
  67  15:31  Corruptor  
  67  15:32  Corruptor x4  
  67  15:34  Drone  
  67  15:35  Drone x6  
  83  15:54  Zerg Flyer Weapons Level 3  
  83  16:02  Extractor  
  83  16:03  Corruptor x2  
  84  16:06  Extractor  
  84  16:17  Corruptor x2  
  88  16:20  Baneling  
  88  16:21  Baneling  
  88  16:22  Drone x3  
  88  16:23  Drone x4  
  88  16:24  Drone x3  
  98  16:34  Baneling x3  
  98  16:35  Baneling x4  
  98  16:38  Drone x3  
  98  16:39  Drone x3  
  100  17:17  Baneling x14  
  100  17:19  Zergling x2  
  100  17:20  Zergling x38  
  82  17:53  Corruptor  
  82  17:54  Corruptor x11  
  99  18:03  Zergling x2  
  99  18:04  Zergling x16  
  104  18:11  Drone  
  104  18:12  Drone  
  106  18:14  Extractor  
  106  18:15  Zergling x8  
  105  18:40  Drone x3  
  107  18:44  Hatchery  
  106  18:55  Zergling x26  
  113  18:56  Zergling x4  
  113  19:01  Queen  
  123  19:04  Queen  
  100  19:39  Queen  
  100  19:45  Extractor, Drone x3  
  103  19:48  Brood Lord x5  
  114  19:54  Drone x3  
  117  20:04  Drone x3  
  108  21:01  Corruptor x5  
  108  21:02  Corruptor x4  
  126  21:08  Zergling x10  
  131  21:12  Drone  
  132  21:28  Corruptor  
  132  21:29  Corruptor x7  
  147  21:36  Zerg Flyer Armor Level 1  
  137  21:59  Zergling x16  
  137  22:00  Zergling x20  
  111  22:43  Zergling x26  
  111  22:44  Zergling x4  
  118  22:54  Brood Lord  
  118  22:56  Brood Lord  
  118  22:58  Brood Lord  
  82  23:34  Drone x3  
  82  23:35  Drone x3  
  85  23:41  Zergling x2  
  85  23:42  Zergling x28  
  85  23:48  Corruptor x6  
  100  23:49  Corruptor x2  
  95  25:22  Corruptor x2  
  95  25:23  Corruptor x5  
Show
View Real Time Build Order
Export as new Build Order

Saulo Zerg 

Build Orders: Pool First 

Get SALT Encoding   

  12  0:01  Drone  
  13  0:13  Overlord  
  13  0:23  Drone  
  14  0:37  Drone  
  14  0:38  Drone x2  
  14  0:42  Extractor  
  16  0:53  Spawning Pool  
  15  0:58  Drone  
  16  1:06  Drone  
  17  1:12  Drone  
  18  1:31  Drone, Hatchery  
  18  1:34  Drone  
  19  1:42  Metabolic Boost  
  20  1:47  Drone  
  20  2:21  Overlord  
  20  2:22  Queen  
  22  2:41  Drone  
  22  2:42  Drone x2  
  25  2:46  Queen, Hatchery, Drone  
  27  3:05  Drone x3  
  30  3:08  Zergling x2  
  31  3:16  Zergling x4  
  33  3:27  Extractor, Lair  
  33  3:31  Zergling x4  
  34  3:41  Overlord  
  34  3:42  Overlord  
  33  4:11  Drone x5  
  33  4:13  Drone  
  33  4:14  Drone x7  
  33  4:17  Extractor x2, Queen  
  45  4:20  Drone  
  47  4:25  Drone  
  47  4:26  Drone  
  47  4:30  Drone  
  50  4:37  Spire  
  49  4:48  Drone  
  49  4:49  Drone x6  
  49  4:52  Overlord  
  56  4:57  Overlord  
  56  5:01  Overlord  
  56  5:19  Drone x3  
  56  5:20  Drone  
  56  5:21  Drone x8  
  61  5:23  Extractor  
  61  5:24  Extractor  
  66  5:30  Drone x4  
  70  5:49  Spine Crawler  
  69  5:50  Spine Crawler  
  69  5:52  Zerg Flyer Weapons Level 1  
  68  6:02  Mutalisk  
  68  6:03  Mutalisk x6  
  82  6:35  Overlord  
  82  6:36  Overlord  
  82  6:37  Overlord x4  
  82  6:56  Mutalisk  
  82  6:57  Mutalisk x9  
  102  7:23  Overlord x5  
  102  7:24  Overlord x2  
  102  7:25  Drone x3  
  104  7:34  Hatchery  
  104  7:36  Mutalisk  
  100  7:37  Mutalisk x2  
  100  7:40  Mutalisk  
  100  7:41  Mutalisk x3  
  114  8:05  Hatchery, Mutalisk x4  
  116  8:11  Hatchery  
  121  8:43  Mutalisk  
  121  8:44  Mutalisk x5  
  133  8:54  Zergling x4  
  133  8:55  Zergling x12  
  137  9:08  Mutalisk  
  137  9:09  Mutalisk x3  
  145  9:24  Zerg Flyer Weapons Level 2  
  145  9:34  Zergling x4  
  145  9:35  Zergling x12  
  149  10:12  Mutalisk  
  149  10:13  Mutalisk x8  
  143  10:43  Zergling x10  
  143  10:44  Zergling x2  
  149  10:56  Hatchery  
  148  11:05  Overseer x5  
  148  11:10  Pneumatized Carapace  
  145  11:32  Evolution Chamber  
  144  11:33  Evolution Chamber, Spire  
  144  11:37  Infestation Pit  
  142  11:46  Zerg Flyer Armor Level 1  
  142  11:48  Overlord x7  
  142  11:49  Overlord  
  142  12:01  Mutalisk x10  
  142  12:02  Mutalisk  
  142  12:07  Zergling x16  
  172  12:26  Zergling x2  
  172  12:27  Zergling x22  
  172  12:28  Zergling x6  
  187  12:31  Zerg Melee Weapons Level 1, Zerg Ground Armor Level 1  
  187  12:34  Hive  
  187  13:06  Mutalisk x2  
  187  13:07  Mutalisk x4  
  193  13:24  Zergling x6  
  193  13:25  Zergling x8  
  162  13:53  Zergling x2  
  162  13:54  Zergling x28  
  153  14:00  Adrenal Glands  
  153  14:02  Zerg Flyer Weapons Level 3  
  113  14:29  Ultralisk Cavern  
  112  14:33  Drone  
  112  14:34  Drone x16  
  112  14:35  Queen  
  131  14:50  Extractor  
  131  14:52  Extractor  
  129  15:05  Spore Crawler x2  
  127  15:07  Spore Crawler  
  127  15:09  Spore Crawler x2  
  124  15:18  Corruptor x4  
  124  15:19  Corruptor x10  
  152  15:42  Chitinous Plating  
  152  16:48  Hatchery, Greater Spire  
  152  16:49  Extractor  
  152  16:50  Extractor  
  148  16:54  Zerg Melee Weapons Level 2  
  147  17:07  Anabolic Synthesis  
  147  17:11  Ultralisk  
  147  17:12  Ultralisk x4  
  177  17:30  Corruptor x4  
  175  18:28  Drone x3  
  175  18:29  Drone x4  
  175  18:32  Ultralisk x2  
  194  18:35  Overlord  
  194  18:36  Overlord x6  
  146  19:10  Zerg Ground Armor Level 2  
  146  19:12  Ultralisk x3  
  146  19:13  Ultralisk x4  
  187  19:22  Overlord  
  178  19:31  Drone x4  
  169  19:32  Drone x18  
  190  19:50  Queen  
  192  19:54  Zerg Flyer Armor Level 2  
  192  19:58  Zerg Melee Weapons Level 3  
  192  20:08  Spine Crawler x2  
  192  20:11  Spine Crawler  
  185  20:28  Zergling x2  
  185  20:29  Zergling x26  
  185  20:30  Zergling x2  
  194  20:56  Corruptor x4  
  194  20:57  Corruptor x6  
  117  21:34  Zergling x2  
  117  21:35  Zergling x24  
  117  21:36  Zergling x8  
  134  21:41  Zerg Ground Armor Level 3  
  104  22:10  Zergling x4  
  104  22:11  Zergling x34  
  104  22:12  Zergling x2  
  89  23:14  Ultralisk  
  89  23:15  Ultralisk x3  
  93  23:54  Corruptor  
  93  23:55  Corruptor  
  93  23:56  Corruptor  
  93  23:58  Zergling x30  
  93  23:59  Zergling x8  
  97  25:23  Corruptor x4  
  97  25:27  Zergling x8  
  97  25:28  Zergling x28  
Show
View Real Time Build Order
Export as new Build Order

llkiraxDll Protoss 

Build Orders: Carriers 

Get SALT Encoding   

  12  0:01  Probe  
  13  0:13  Probe  
  14  0:18  Pylon  
  14  0:25  Probe  
  15  0:37  Probe  
  15  0:41  Gateway  
  16  0:44  Assimilator  
  16  0:48  Probe  
  16  0:56  Probe  
  18  1:04  Probe  
  19  1:15  Assimilator  
  19  1:30  Cybernetics Core  
  21  1:40  Zealot  
  21  1:57  Probe  
  22  2:05  Pylon  
  22  2:09  Probe, Warp Gate  
  23  2:16  Pylon  
  23  2:29  Stalker  
  25  2:36  Pylon  
  25  3:10  Probe  
  26  3:13  Stalker  
  28  3:36  Twilight Council  
  28  3:38  Robotics Facility  
  28  3:42  Gateway, Stalker  
  28  3:44  Gateway  
  30  3:49  Nexus  
  30  3:53  Pylon  
  30  4:08  Probe  
  31  4:22  Blink  
  31  4:33  Pylon  
  31  4:35  Assimilator  
  31  4:39  Forge  
  31  4:43  Stalker x2  
  35  4:46  Sentry  
  35  4:50  Observer  
  38  4:57  Probe  
  38  4:59  Assimilator  
  38  5:05  Probe  
  40  5:39  Stalker x2  
  40  5:40  Stalker  
  46  5:44  Protoss Ground Weapons Level 1  
  46  5:46  Probe  
  47  5:58  Probe  
  48  6:10  Probe  
  49  6:23  Immortal  
  53  6:32  Gateway  
  53  6:33  Probe  
  53  6:34  Gateway  
  54  6:41  Probe  
  55  7:03  Immortal  
  59  7:14  Stalker x3  
  55  7:33  Photon Cannon  
  55  7:34  Probe  
  55  7:35  Photon Cannon  
  55  7:42  Stalker x2, Probe  
  55  7:43  Stalker  
  63  7:51  Probe  
  64  8:01  Pylon  
  64  8:03  Probe  
  64  8:04  Photon Cannon  
  65  8:35  Stalker x3  
  65  8:36  Stalker  
  65  8:37  Stalker  
  57  9:46  Stalker x3  
  57  9:47  Stalker x2  
  57  9:50  Protoss Ground Weapons Level 2  
  67  9:55  Forge  
  67  9:58  Probe  
  67  10:06  Probe  
  68  10:11  Observer  
  70  10:15  Probe  
  70  10:19  Stalker x2  
  70  10:20  Stalker  
  77  10:21  Stalker  
  77  10:22  Stalker  
  77  10:26  Photon Cannon  
  77  10:27  Probe  
  82  10:30  Pylon  
  82  10:39  Probe  
  78  11:30  Photon Cannon  
  78  11:33  Probe  
  79  11:45  Probe  
  80  11:53  Stalker x3  
  80  11:54  Stalker x2  
  90  12:23  Protoss Shields Level 1  
  74  13:14  Stalker x2  
  74  13:15  Stalker x2  
  74  13:16  Stalker  
  84  13:20  Probe  
  84  13:21  Forge  
  85  13:28  Probe  
  86  13:37  Nexus, Probe  
  87  13:45  Immortal  
  87  13:47  Stalker  
  93  13:50  Probe  
  46  15:00  Stalker x2  
  46  15:01  Stalker x2  
  46  15:02  Stalker  
  46  15:04  Protoss Shields Level 2  
  46  15:05  Probe  
  56  15:12  Assimilator  
  56  15:13  Probe  
  57  15:15  Pylon  
  58  15:23  Probe  
  59  15:32  Pylon  
  59  15:34  Pylon  
  59  15:35  Probe  
  60  15:37  Assimilator  
  60  15:42  Forge  
  60  15:46  Stargate  
  60  15:47  Probe  
  61  15:57  Stalker x2  
  61  15:58  Stalker x3  
  61  15:59  Probe  
  72  16:23  Stalker  
  72  16:24  Stalker x3  
  72  16:25  Stalker  
  82  16:33  Stargate  
  82  16:37  Fleet Beacon  
  82  16:39  Cybernetics Core  
  82  16:41  Stargate  
  82  16:48  Stalker x2  
  82  16:49  Stalker x3  
  92  17:10  Protoss Ground Weapons Level 3  
  92  17:22  Carrier  
  98  17:23  Carrier  
  98  17:25  Carrier  
  110  17:30  Protoss Air Weapons Level 1  
  110  17:34  Protoss Air Armor Level 1  
  64  18:37  Carrier x2  
  64  18:38  Carrier  
  82  19:00  Protoss Shields Level 3  
  82  19:02  Protoss Ground Armor Level 1  
  82  19:15  Stalker x2  
  82  19:16  Stalker x2  
  90  19:17  Stalker  
  90  19:22  Observer  
  93  19:40  Observer, Stalker  
  93  19:41  Stalker x3  
  93  19:42  Stalker  
  93  19:44  Carrier  
  93  19:45  Carrier  
  116  20:01  Carrier  
  116  20:02  Observer  
  105  22:18  Stalker x2  
  105  22:19  Stalker x3  
  103  22:23  Carrier  
  103  22:24  Carrier  
  85  23:05  Stalker x3  
  89  23:06  Stalker x2  
  95  23:18  Carrier  
  101  23:35  Carrier  
  101  23:36  Carrier  
  113  23:42  Zealot x2  
  113  23:43  Zealot x2  
  113  23:44  Zealot  
  123  23:55  Nexus  
  123  24:00  Pylon  
  123  24:06  Assimilator  
  123  24:51  Carrier  
Show
View Real Time Build Order
Export as new Build Order

BLACKfu Terran 

Build Orders:  

Get SALT Encoding   

  12  0:01  SCV  
  13  0:13  SCV  
  14  0:19  Supply Depot  
  14  0:26  SCV  
  15  0:31  Refinery  
  15  0:43  SCV  
  16  0:50  Barracks  
  16  0:55  SCV  
  17  1:07  SCV  
  18  1:16  Refinery  
  18  1:19  SCV  
  20  1:32  SCV  
  21  1:40  Reaper  
  21  1:47  Orbital Command  
  21  1:50  Factory  
  21  2:12  SCV  
  22  2:15  Marine  
  23  2:28  Supply Depot  
  23  2:40  Command Center  
  23  2:49  Marine  
  23  2:50  SCV  
  25  3:05  Starport  
  25  3:07  Factory Tech Lab  
  25  3:09  Supply Depot, Barracks  
  25  3:11  SCV  
  26  3:23  SCV  
  27  3:28  Engineering Bay  
  27  3:48  SCV  
  27  4:03  Starport Reactor  
  27  4:17  Terran Infantry Weapons Level 1  
  27  4:19  Barracks Tech Lab  
  27  4:20  Siege Tank  
  27  4:21  SCV  
  31  4:25  Supply Depot  
  31  4:27  Barracks Reactor  
  31  4:33  SCV  
  32  4:40  Medivac x2  
  32  4:41  Barracks  
  36  4:45  SCV  
  36  4:47  Supply Depot  
  37  4:55  SCV  
  37  4:57  SCV  
  42  5:00  Siege Tank  
  42  5:01  Stimpack  
  42  5:07  SCV  
  42  5:10  Marine x3, SCV  
  47  5:19  SCV  
  47  5:21  Supply Depot  
  48  5:27  Marine  
  51  5:28  Marauder  
  51  5:33  Marine  
  51  5:35  Marine  
  53  5:39  SCV  
  53  5:40  SCV  
  55  5:45  Barracks  
  57  5:50  Marauder  
  59  6:11  Marauder  
  59  6:30  Marine  
  59  6:31  Viking x2  
  66  6:33  Supply Depot, Siege Tank, Marauder  
  66  6:35  Barracks Reactor  
  66  6:36  Barracks Tech Lab  
  66  6:50  Marine x2  
  65  6:54  Marauder  
  54  7:08  Marine  
  54  7:12  Starport  
  54  7:14  SCV x2  
  59  7:15  Marauder  
  59  7:17  Missile Turret  
  59  7:18  Missile Turret  
  59  7:23  Marine  
  59  7:24  Marauder  
  59  7:26  Marine x2, SCV  
  59  7:27  SCV  
  59  7:28  Marine  
  67  7:32  Supply Depot  
  67  7:35  Siege Tank  
  70  7:37  Marauder  
  70  7:38  SCV  
  70  7:41  Marine  
  73  7:44  Marine x2  
  73  7:47  Orbital Command  
  73  7:51  SCV  
  75  7:58  Starport Reactor  
  75  7:59  Marine, Supply Depot, Marauder  
  75  8:00  Concussive Shells  
  75  8:01  Combat Shield  
  75  8:02  Marine, Marauder  
  75  8:03  SCV  
  82  8:09  Supply Depot  
  82  8:15  SCV  
  82  8:16  Medivac  
  82  8:18  SCV  
  86  8:23  Refinery, Viking  
  86  8:24  Refinery  
  88  8:27  SCV  
  88  8:30  SCV  
  83  8:43  SCV x2  
  79  8:52  Viking  
  79  8:53  Viking  
  79  8:55  SCV x2  
  77  9:04  Marine, Marauder  
  77  9:07  SCV  
  77  9:08  SCV  
  82  9:11  Marine x3, Marauder  
  82  9:17  Supply Depot  
  87  9:22  Marine  
  87  9:23  SCV  
  89  9:26  SCV, Marauder  
  89  9:29  Marine  
  93  9:35  SCV  
  93  9:38  SCV  
  95  9:40  Marauder  
  95  9:45  Marine  
  98  9:47  Marauder  
  98  9:48  Marine  
  98  9:51  SCV  
  102  10:02  Marauder  
  98  10:20  Marine x2  
  98  10:21  Marine x2, Marauder  
  101  10:23  Marauder  
  87  10:38  Marine x3  
  87  10:39  Marine  
  87  10:42  Marauder  
  74  10:52  SCV x2  
  74  10:54  Command Center  
  76  11:02  Widow Mine  
  79  11:04  SCV x2  
  79  11:06  Marine, Marauder  
  79  11:07  Terran Infantry Armor Level 1  
  83  11:25  Marine, SCV  
  84  11:26  Marauder  
  84  11:30  Starport  
  84  11:31  SCV  
  88  11:37  SCV  
  89  11:43  Marine, SCV  
  89  11:45  Supply Depot  
  91  11:49  SCV  
  92  11:55  SCV  
  92  11:59  Missile Turret  
  92  12:01  SCV, Missile Turret  
  94  12:07  SCV  
  95  12:13  SCV  
  96  12:19  SCV  
  96  12:21  Refinery  
  97  12:23  Marine  
  97  12:24  SCV, Marauder  
  97  12:25  Refinery  
  101  12:30  Marine  
  101  12:31  Marine, Marauder  
  101  12:32  SCV  
  106  12:56  Marine x2, Marauder  
  106  12:57  Medivac  
  106  12:58  Marine, Medivac x2  
  116  12:59  SCV, Marauder  
  120  13:09  Marine  
  120  13:10  Siege Tank  
  124  13:17  Marauder  
  124  13:18  Marine  
  124  13:20  Marauder  
  124  13:21  Viking x2  
  124  13:25  Marine  
  131  13:27  Viking  
  131  13:30  SCV x2  
  131  13:31  Factory  
  135  13:39  Marauder  
  130  13:42  Siege Tank  
  101  13:52  Marine x2, Marauder  
  101  13:53  SCV  
  101  13:54  SCV  
  99  13:57  Engineering Bay  
  99  13:59  Orbital Command, Armory  
  98  14:14  Siege Tank  
  101  14:22  Viking x3  
  101  14:23  Viking  
  101  14:24  Viking  
  111  14:26  Command Center  
  111  14:28  Missile Turret  
  111  14:30  Marine  
  111  14:31  Marauder  
  114  14:32  SCV  
  114  14:33  Factory Tech Lab  
  115  14:41  SCV  
  115  14:42  Marine  
  115  14:43  Marauder  
  115  14:45  SCV  
  120  14:48  Supply Depot, Terran Infantry Weapons Level 2  
  120  14:54  SCV  
  121  15:04  Marine  
  121  15:05  Marauder  
  124  15:13  Viking x4  
  132  15:17  Supply Depot  
  132  15:21  Marine  
  132  15:22  Marauder  
  132  15:24  SCV  
  132  15:27  Terran Ship Weapons Level 1  
  136  15:38  Viking  
  136  15:39  Marauder  
  136  15:40  SCV  
  141  15:43  Viking  
  141  15:46  Refinery  
  143  15:50  Planetary Fortress  
  143  15:58  SCV, Armory  
  143  16:03  SCV  
  145  16:08  Refinery  
  145  16:10  SCV  
  145  16:11  Supply Depot  
  146  16:12  SCV  
  146  16:15  SCV  
  148  16:26  Marine x4, Marauder  
  148  16:27  Marauder  
  148  16:30  Viking x3  
  162  16:34  SCV  
  163  16:41  Viking x2  
  163  16:44  Marine x2  
  163  16:45  Supply Depot  
  169  16:48  Marine, Marauder x2  
  169  16:53  Supply Depot  
  169  16:54  Terran Vehicle And Ship Armor Level 1  
  174  17:12  Viking  
  174  17:13  Viking x2  
  180  17:20  Marine, Marauder  
  178  17:50  Marine  
  178  17:51  Marine x3, Marauder x2  
  129  17:55  Medivac  
  129  17:56  Medivac x2  
  129  17:57  Viking, SCV x2  
  125  18:07  Terran Infantry Weapons Level 3  
  125  18:08  Marine x2, Barracks  
  125  18:09  Marine x2, Barracks, Terran Ship Weapons Level 2  
  125  18:10  SCV  
  125  18:12  Marauder  
  134  18:13  Marauder  
  134  18:18  Supply Depot  
  131  18:21  Viking  
  131  18:25  Viking  
  131  18:26  Marine x2  
  137  18:27  Marine x2  
  137  18:34  Marauder x2  
  140  18:44  Marine  
  140  18:48  Marine x3  
  130  18:49  Viking x2  
  130  18:50  Viking  
  130  18:51  Viking, Siege Tank  
  130  18:55  Viking, Marauder x2  
  141  19:02  Marine  
  139  19:12  Marine x2  
  139  19:13  Marine  
  139  19:16  Marauder  
  104  19:17  Marauder  
  104  19:19  Marine  
  104  19:23  SCV x2  
  94  19:30  Marine x2  
  94  19:31  Marine  
  88  19:35  Siege Tank  
  88  19:37  Marine  
  88  19:38  Hellbat, Marauder x2  
  99  19:41  Marine  
  100  19:48  Marine x2  
  100  19:49  Marine  
  103  19:59  Hellbat, Marauder  
  109  20:00  Barracks Reactor x2, Marauder  
  109  20:07  Factory  
  109  20:09  Infernal Pre-Igniter  
  109  20:10  Factory  
  109  20:11  SCV  
  110  20:20  Marauder  
  110  20:21  Hellbat  
  114  20:28  Siege Tank  
  114  20:30  Marine  
  114  20:31  Marauder  
  81  20:45  Marine  
  81  20:46  Marauder  
  79  20:51  Viking x4  
  79  20:52  Viking  
  79  20:54  SCV  
  79  21:05  SCV  
  76  21:13  Marine x3, Marauder x2  
  76  21:14  Marine x2  
  83  21:19  Marine x2  
  83  21:21  Viking x2  
  90  21:31  Marine  
  89  21:35  Marauder x2  
  74  21:50  Marine  
  74  21:51  Marine  
  59  21:55  Marine  
  59  21:56  Marine, Marauder x2  
  41  22:18  Marauder x2  
  43  22:26  Marine x3  
  43  22:27  Siege Tank  
  43  22:29  Marine  
  49  22:30  Medivac x2  
  53  22:39  Marauder x2  
  53  22:44  Marine x3  
  51  22:47  Marine  
  48  22:59  Siege Tank  
  48  23:00  Marauder x2  
  48  23:01  Marine  
  48  23:02  Marine x2  
  48  23:05  Marine  
  59  23:19  Marine  
  60  23:22  Marauder x2  
  60  23:24  Viking x3  
  70  23:43  Marauder x2  
  74  23:56  Medivac x2  
  55  24:45  Viking x3  
  61  24:51  Marine x3, Marauder  
  62  25:20  Marine x2  
  62  25:21  Marauder x2  
Tags
 
Add a new tag
Caveats
  • Supply blocks, unpowered buildings, or Contaminate may cause inaccurate times.
  • Supply counts are checked every 10 seconds.